 Dungeon Crawl Stone Soup version 0.31-a0-188-g5e087ee2ca (webtiles) character file.

Game seed: 7367498454283232367

101 qw the Shooter (level 4, 0/25 HPs)
             Began as a Deep Elf Hunter on June 22, 2023.
             Slain by a gnoll
             ... wielding a +0 flail
              (11 damage)
             ... on level 2 of the Dungeon.
             The game lasted 00:00:28 (854 turns).

qw the Shooter (Deep Elf Hunter)                     Turns: 854, Time: 00:00:28

Health: 0/25       AC:  5    Str: 10    XL:     4   Next: 48%
Magic:  5/5        EV: 11    Int: 14    God:
Gold:   73         SH:  0    Dex: 18    Spells: 3/3 levels left

rFire   . . .        Y - +0 shortbow
rCold   . . .        (shield currently unavailable)
rNeg    . . .        i - +0 ring mail
rPois   .            (no helmet)
rElec   .            (no cloak)
rCorr   .            (no gloves)
SInv    .            (no boots)
Will    .....        (no amulet)
Stlth   +            (no ring)
HPRegen 0.24/turn    (no ring)
MPRegen 0.09/turn

%: no passive effects
@: no status effects
A: low MP 1, mutation resistance 1
a: no special abilities


You were on level 2 of the Dungeon.
You visited 1 branch of the dungeon, and saw 2 of its levels.

You collected 73 gold pieces.


Innate Abilities, Weirdness & Mutations

Your magical capacity is low. (-10% MP)
You are somewhat resistant to further mutation.


   Skills:
 - Level 1.5 Fighting
 + Level 7.9 Ranged Weapons
 - Level 2.4 Dodging
 - Level 1.2 Stealth


You had 3 spell levels left.
You didn't know any spells.
Your spell library was empty.

Inventory:

Hand Weapons
 Y - a +0 shortbow (weapon)
Armour
 i - a +0 ring mail (worn)
Scrolls
 b - a scroll of enchant armour {unknown}
Potions
 a - a potion of lignification {unknown}
 c - a potion of degeneration {unknown}
 e - a potion of cancellation {unknown}
 f - a potion of curing
 g - a potion of heal wounds {unknown}

Dungeon Overview and Level Annotations

Branches:
Dungeon (2/15)

Altars:


Message History

You see here the +4 spear of Uwiklaxe {drain, *Slow rN+ Will+ Dex+4}.
Enter note: You now have 73 gold pieces (gained 14).
Found an escape hatch in the floor.
There is an escape hatch in the ceiling here.
Enter note:
There is an escape hatch in the floor here.
c - a smoky cyan potion
Enter note:
There is an escape hatch in the floor here.
You open the door.
A ball python comes into view.
Enter note: You shoot an arrow.
The arrow hits the ball python!
You kill the ball python!
There is an open door here.
A gnoll comes into view. It is wielding a +0 halberd.
The gnoll shouts!
You hear a shout!
Enter note: You shoot an arrow.
The arrow barely misses the gnoll.
A gnoll comes into view. It is wielding a +0 flail.
You shoot an arrow. The arrow hits the gnoll!
The gnoll is almost dead.
You shoot an arrow. The arrow hits the gnoll.
You kill the gnoll!
You shoot an arrow. The arrow barely misses the gnoll.
You shoot an arrow. The arrow hits the gnoll.
The gnoll is lightly wounded.
You shoot an arrow. The arrow barely misses the gnoll.
You shoot an arrow. The arrow hits the gnoll.
The gnoll is moderately wounded.
The gnoll hits you with a +0 flail!
You shoot an arrow. The arrow barely misses the gnoll.
The gnoll completely misses you.
You shoot an arrow. The arrow barely misses the gnoll.
The gnoll hits you with a +0 flail!
You shoot an arrow. The arrow hits the gnoll.
The gnoll is severely wounded.
The gnoll hits you with a +0 flail!
You die...

#############
#...........#
#.#########.#
#.....#.....#
#######.#@#####
###.'.....#.g).....
#.>.###############
#..........# ..#
#..........######.##
#........<.........
#.........%)#####.#
#...........%...#.#
#...........#.#.#.##


You could see a gnoll.

Vanquished Creatures
  Terence (D:2)
  2 adders
  2 gnolls
  A worm (D:2)
  6 ball pythons
  4 endoplasms (D:1)
  6 goblins (D:1)
  A hobgoblin (D:1)
  2 jackals (D:1)
  2 quokkas (D:1)
  4 bats
  A frilled lizard (D:1)
  A kobold (D:1)
  3 rats
36 creatures vanquished.

Notes
Turn   | Place    | Note
-------+----------+-------------------------------------------
     0 | D:1      | qw the Deep Elf Hunter began the quest for the Orb.
     0 | D:1      | Reached XP level 1. HP: 12/12 MP: 3/3
     0 | D:1      | 0 ||| qw: Version: 0.3-a-9-g12657ce
     0 | D:1      | 0 ||| qw: Game counter: 2932
     0 | D:1      | 0 ||| qw: Always use a shield: true
     0 | D:1      | 0 ||| qw: God list: Okawaru
     0 | D:1      | 0 ||| qw: Allow faded altars: false
     0 | D:1      | 0 ||| qw: Do Orc after D:15 true
     0 | D:1      | 0 ||| qw: Do second Lair branch before Depths: true
     0 | D:1      | 0 ||| qw: Lair rune preference: random
     0 | D:1      | 0 ||| qw: Plans: Normal
     0 | D:1      | 0 ||| PLANNING D:1-11
    55 | D:1      | Reached skill level 6 in Ranged Weapons
    55 | D:1      | Reached XP level 2. HP: 16/16 MP: 4/4
   258 | D:1      | Reached XP level 3. HP: 20/20 MP: 5/5
   593 | D:1      | 593 ||| UPGRADING to +0 ring mail.
   603 | D:1      | 603 ||| DROPPING +0 leather armour.
   604 | D:1      | 604 ||| READING scroll labelled OTOLIOSCH NIHES.
   605 | D:1      | 605 ||| READING scroll labelled KECETW ZURUU.
   606 | D:1      | 606 ||| DRINKING 2 dark potions.
   607 | D:1      | 607 ||| DRINKING 2 blue potions.
   607 | D:1      | Gained mutation: Your muscles are strong. (Str +4, Int/Dex
                  | -1) [potion of mutation]
   607 | D:1      | Gained mutation: You do not regenerate when monsters are
                  | visible. [potion of mutation]
   607 | D:1      | Gained mutation: Your magical capacity is low. (-10% MP)
                  | [potion of mutation]
   608 | D:1      | 608 ||| DRINKING potion of mutation.
   608 | D:1      | Lost mutation: You do not regenerate when monsters are
                  | visible. [potion of mutation]
   608 | D:1      | Lost mutation: Your muscles are strong. (Str +4, Int/Dex
                  | -1) [potion of mutation]
   608 | D:1      | Gained mutation: You are somewhat resistant to further
                  | mutation. [potion of mutation]
   609 | D:1      | 609 ||| DROPPING scroll of butterflies.
   627 | D:2      | Reached skill level 7 in Ranged Weapons
   628 | D:2      | 628 ||| STAIRDANCE
   671 | D:2      | Noticed Terence
   683 | D:2      | Killed Terence
   684 | D:2      | Reached XP level 4. HP: 11/25 MP: 5/5
   799 | D:2      | Identified the +4 spear of Uwiklaxe {drain, *Slow rN+ Will+
                  | Dex+4}
   854 | D:2      | Slain by a gnoll

Levels and vault maps discovered:
D:1:      dpeg_arrival_tiny_a, layout_loops_ring
D:2:      minmay_chambers_of_ones, layout_rooms, serial_glass, glass_columns_a,
          glass_columns_a, minivault_4, roderic_serpentine_path, uniq_terence

Skill      XL: |  1  2  3 |
---------------+----------+-----
Ranged Weapons | 6 7 |  7.9
Fighting       | |  1.5
Dodging        | |  2.4
Stealth        | |  1.2

Action                     |  1- 3 |  4- 6 || total
---------------------------+-------+-------++-------
   Fire: Shortbow          |   102 |    25 ||   127
    Use: Potion            |     3 |       ||     3
         Scroll            |     2 |       ||     2
 Armour: Leather armour    |    10 |       ||    10
         Ring mail         |     3 |     1 ||     4
  Dodge: Dodged            |    26 |     4 ||    30

Table legend:
 A = Non-vault XP
 B = Vault XP
 C = Vault XP percentage of total XP
 D = Non-vault monster count
 E = Vault monster count
 F = Vault count percentage of total count
                 A         B        C        D         E       F
            +---------+---------+-------+---------+---------+-------
      Total |     109 |      36 |  24.8 |      35 |       1 |   2.8
            +---------+---------+-------+---------+---------+-------
        D:1 |      70 |       0 |   0.0 |      27 |       0 |   0.0
        D:2 |      39 |      36 |  48.0 |       8 |       1 |  11.1
            +---------+---------+-------+---------+---------+-------
